 Dungeon Crawl Stone Soup version 0.18.1-8-gdd0e5ea (webtiles) character file.

11248 Northaan the Fighter (level 11, -2/92 HPs)
             Began as a Demonspawn Berserker on May 21, 2016.
             Was a High Priest of Trog.
             Slain by a cyan ugly thing (11 damage)
             ... on level 10 of the Dungeon.
             The game lasted 00:19:07 (10708 turns).

Northaan the Fighter (Demonspawn Berserker)        Turns: 10708, Time: 00:19:08

Health: -2/92      AC: 15    Str: 25    XL:     11   Next: 46%
Magic:  0/15       EV: 17    Int:  8    God:    Trog [*****.]
Gold:   492        SH:  0    Dex: 17    Spells: 0 memorised, 10 levels left

rFire  . . .     SeeInvis .     b - +2 falchion (flame)
rCold  + . .     Gourm    .     l - +0 chain mail
rNeg   . . .     Faith    .     (no shield)
rPois  .         Spirit   +     (helmet unavailable)
rElec  .         Dismiss  .     t - +0 cloak
rCorr  .         Reflect  .     r - +0 pair of gloves
SustAt .         Harm     .     x - +0 pair of boots
MR     .....                    (no amulet)
Stlth  ..........               B - +3 ring of strength
                                A - ring of protection from cold

@: agile, exhausted, slowed, very slow, not resistant to hostile enchantments,
extremely unstealthy
A: horns 3, icy blue scales 1, powered by pain 1, magic shield
a: Berserk, Trog's Hand, Brothers in Arms, Burn Spellbooks, Renounce Religion


You were on level 10 of the Dungeon.
You worshipped Trog.
Trog was extremely pleased with you.
You were not hungry.

You visited 2 branches of the dungeon, and saw 12 of its levels.

You collected 492 gold pieces.

Inventory:

Hand Weapons
 a - a +1 falchion
 b - a +2 falchion of flaming (weapon)
Missiles
 q - 10 javelins (quivered)
 G - 6 silver javelins
 M - 6 tomahawks
Armour
 l - a +0 chain mail (worn)
 r - a +0 pair of gloves (worn)
 t - a +0 cloak (worn)
 x - a +0 pair of boots (worn)
 N - the +1 scale mail "Pomutate" {rF+ rCorr Str-4 Dex+3}
   (You found it on level 10 of the Dungeon)

   It affects your strength (-4).
   It affects your dexterity (+3).
   It protects you from fire.
   It protects you from acid and corrosion.
Jewellery
 A - a ring of protection from cold (left hand)
 B - a +3 ring of strength (right hand)
 O - an uncursed ring of magical power
 P - an uncursed ring of ice {unknown}
Wands
 y - a wand of iceblast (10/15)
 K - a wand of lightning (3/15)
Scrolls
 d - 4 scrolls of remove curse
 f - a scroll of enchant weapon
 i - 2 scrolls of recharging {unknown}
 m - a scroll of magic mapping {unknown}
 n - 8 scrolls of identify
 o - a scroll of random uselessness {unknown}
 u - 3 scrolls of fear {unknown}
 C - a scroll of noise {unknown}
 E - 2 scrolls of fog {unknown}
 I - a scroll of vulnerability {unknown}
Potions
 e - 2 potions of cure mutation
 j - 2 potions of cancellation
 k - 2 potions of haste {unknown}
 s - a potion of agility {unknown}
 v - 2 potions of lignification {unknown}
 z - 2 potions of flight {unknown}
 D - a potion of brilliance {unknown}
 F - 2 potions of ambrosia
 H - a potion of beneficial mutation {unknown}
 J - 2 potions of curing {unknown}
 R - a potion of might {unknown}
Comestibles
 c - 4 bread rations
 g - 5 beef jerkies
 h - 7 meat rations
 p - 8 fruits
 w - 7 slices of pizza


   Skills:
 + Level 10.6 Fighting
 + Level 10.2 Long Blades
 + Level 6.1 Armour
 + Level 6.0 Dodging
 - Level 1.0 Stealth
 + Level 6.0 Evocations


You had 10 spell levels left.
You didn't know any spells.

Dungeon Overview and Level Annotations

Branches:
Dungeon (11/15)            Temple (1/1) D:6            Lair (0/8) D:10
    Orc (0/2) D:9

Altars:
Ashenzari
Elyvilon
Fedhas
Gozag
Makhleb
Nemelex Xobeh
Pakellas
Qazlal
Ru
Trog
Vehumet
Yredelemnul
Zin

Shops:
D:7 *


Innate Abilities, Weirdness & Mutations

You have a pair of large horns on your head.
You are partially covered in icy blue scales (AC +1).
You sometimes gain a little power by taking damage.
When hurt, damage is shared between your health and your magic reserves.


Message History

The giant frog hits you but does no damage.
You see here 18 bolts.
The cyan ugly thing tail-slaps you but does no damage.
The giant frog hits you but does no damage.
You're too exhausted to go berserk.
Eat which item? (? for menu, Esc to quit)
The cyan ugly thing tail-slaps you.
* * * LOW HITPOINT WARNING * * *
The cyan ugly thing shocks you!
* * * LOW HITPOINT WARNING * * *
You focus on the pain.
You feel agile all of a sudden.
You continue eating.
The cyan ugly thing barely misses you.
The cyan ugly thing tail-slaps you but does no damage.
You continue eating.
The cyan ugly thing tail-slaps you.
* * * LOW HITPOINT WARNING * * *
The cyan ugly thing shocks you!
You die...

#.......###
#.........##########
#.......#...##......
#.......###.........
#.......# ####......
#.....>(# #......
#...F...# #......
####u#### #......
#..@.# #######
####+####### ###......
#...(......####...#####
#.<........+.##'#######
#..........#(#.........
#....(.....#.#.........
#..........#.#.........
#.....<....#.#.........
#.....)....#.'.........


You could see a cyan ugly thing and a giant frog.

Vanquished Creatures
  Gastronok (D:9)
  A hydra (D:8)
  The ghost of Northaan the Geomancer, a novice GrEE of Sif Muna (D:8)
  An unseen horror (D:11)
  2 hill giants (D:10)
  A troll (D:11)
  Prince Ribbit (D:9)
  A two-headed ogre (D:8)
  2 wyverns
  5 yaks
  2 hungry ghosts
  4 ice beasts
  5 phantoms
  3 orc warriors
  A black bear (D:6)
  2 sky beasts
  2 ogres
  7 centaurs
  4 big kobolds
  4 giant frogs
  A gnoll sergeant (D:9)
  6 scorpions
  A water moccasin skeleton (D:11)
  10 killer bees (D:7)
  5 howler monkeys
  7 crimson imps
  The ghost of Ijustatesigmund the Sneak, a weakling SpAs (D:3)
  2 giant frog zombies
  4 orc wizards
  A giant frog skeleton (D:10)
  3 hounds
  3 orc priests
  2 centaur skeletons (D:8)
  3 jellies
  An iguana (D:9)
  7 worker ants
  2 sheep (D:8)
  A hound zombie (D:8)
  2 hound skeletons
  A worker ant zombie (D:8)
  3 gnolls (D:9)
  16 adders
  2 shadow imps
  2 oozes
  2 adder skeletons
  3 worms
  A dart slug (D:3)
  7 giant geckos
  21 orcs
  4 giant cockroaches
  5 goblins
  10 hobgoblins
  6 jackals
  4 quokkas
  2 ball pythons (D:2)
  5 bats
  6 giant newts
  12 kobolds
  A quokka skeleton (D:7)
  A quokka zombie (D:10)
  5 rats
231 creatures vanquished.

Notes
Turn   | Place    | Note
--------------------------------------------------------------
     0 | D:1      | Northaan the Demonspawn Berserker began the quest for the Orb.
     0 | D:1      | Reached XP level 1. HP: 18/18 MP: 1/1
   215 | D:1      | Gained mutation: You are partially covered in icy blue scales (AC +1). [demonic ancestry]
   215 | D:1      | Reached XP level 2. HP: 12/24 MP: 2/2
   548 | D:2      | Found a sacrificial altar of Ru.
   796 | D:2      | Gained mutation: You sometimes gain a little power by taking damage. [demonic ancestry]
   796 | D:2      | Reached XP level 3. HP: 29/29 MP: 3/3
   977 | D:2      | Reached ** piety under Trog
  1564 | D:3      | Reached XP level 4. HP: 31/35 MP: 4/4
  1621 | D:3      | Noticed Ijustatesigmund's ghost (weakling SpAs)
  1650 | D:3      | Killed Ijustatesigmund's ghost
  2028 | D:3      | Reached XP level 5. HP: 40/42 MP: 5/5
  2090 | D:3      | Found a glowing silver altar of Zin.
  2093 | D:3      | Found a blossoming altar of Fedhas.
  2096 | D:3      | Found a bloodstained altar of Trog.
  2099 | D:3      | Found a burning altar of Makhleb.
  2291 | D:4      | Found a white marble altar of Elyvilon.
  2414 | D:4      | Found an oddly glowing altar of Pakellas.
  2421 | D:4      | Reached *** piety under Trog
  2462 | D:4      | Reached skill level 5 in Long Blades
  2647 | D:5      | Entered Level 5 of the Dungeon
  2781 | D:5      | Noticed a centaur
  2790 | D:5      | Killed a centaur
  2790 | D:5      | Gained mutation: When hurt, damage is shared between your health and your magic reserves. [demonic ancestry]
  2790 | D:5      | Reached XP level 6. HP: 29/48 MP: 6/6
  3012 | D:5      | Got a smoking quarterstaff
  3013 | D:5      | Identified the cursed +1 quarterstaff of Woar {drain, rPois Str+3 Int+4 Dex+3} (You found it on level 5 of the Dungeon)
  3869 | D:5      | Reached XP level 7. HP: 39/55 MP: 7/7
  4205 | D:6      | Reached skill level 5 in Fighting
  4296 | D:6      | Found a radiant altar of Vehumet.
  4499 | D:6      | Found a staircase to the Ecumenical Temple.
  4687 | Temple   | Entered the Ecumenical Temple
  4761 | D:6      | Reached skill level 1 in Stealth
  4761 | D:6      | Gained mutation: You have a pair of small horns on your head. [demonic ancestry]
  4761 | D:6      | Reached XP level 8. HP: 64/64 MP: 8/8
  4891 | D:6      | Found an oddly glowing altar of Pakellas.
  5504 | D:7      | Reached **** piety under Trog
  5791 | D:7      | Found Ikkej's General Store.
  5981 | D:7      | Gained mutation: You have a pair of horns on your head. [demonic ancestry]
  5981 | D:7      | Reached XP level 9. HP: 37/75 MP: 9/9
  6379 | D:7      | Reached skill level 1 in Evocations
  6766 | D:8      | Noticed a three-headed hydra
  6771 | D:8      | Killed a one-headed hydra
  6972 | D:8      | Noticed Northaan's ghost (novice GrEE)
  7421 | D:8      | Reached XP level 10. HP: 23/83 MP: 5/12
  7791 | D:8      | Found a shattered altar of Ashenzari.
  7842 | D:8      | Reached ***** piety under Trog
  8599 | D:8      | Killed Northaan's ghost
  8978 | D:9      | Noticed Prince Ribbit
  8987 | D:9      | Killed Prince Ribbit
  9064 | D:9      | Reached skill level 10 in Fighting
  9064 | D:9      | Reached skill level 5 in Armour
  9269 | D:9      | Found a staircase to the Orcish Mines.
  9335 | D:9      | Noticed Gastronok
  9356 | D:9      | Killed Gastronok
  9356 | D:9      | Reached skill level 5 in Dodging
  9356 | D:9      | Reached skill level 5 in Evocations
  9356 | D:9      | Gained mutation: You have a pair of large horns on your head. [demonic ancestry]
  9356 | D:9      | Reached XP level 11. HP: 42/91 MP: 10/15
  9762 | D:10     | Entered Level 10 of the Dungeon
 10014 | D:10     | Noticed a hill giant
 10020 | D:10     | Killed a hill giant
 10020 | D:10     | Reached skill level 10 in Long Blades
 10078 | D:10     | Got a warped scale mail
 10079 | D:10     | Identified the +1 scale mail "Pomutate" {rF+ rCorr Str-4 Dex+3} (You found it on level 10 of the Dungeon)
 10238 | D:10     | Noticed a hill giant
 10248 | D:10     | Killed a hill giant
 10252 | D:10     | Found a staircase to the Lair.
 10676 | D:11     | HP: 5/138 [something (4)]
 10680 | D:11     | Noticed a cyan ugly thing
 10686 | D:11     | Killed an unseen horror
 10708 | D:10     | Slain by a cyan ugly thing

Skill      XL: |  1  2  3  4  5  6  7  8  9 10 11 |
---------------+----------------------------------+-----
Long Blades    | 3 4 5 6 7 8 9 10 | 10.2
Fighting       | 4 6 8 9 10 | 10.6
Stealth        | 1 |  1.0
Dodging        | 3 5 6 |  6.0
Armour         | 3 5 6 |  6.1
Evocations     | 3 5 6 |  6.0

Action                   |  1- 3 |  4- 6 |  7- 9 | 10-12 || total
-------------------------+-------+-------+-------+-------++-------
Melee: Falchion          |   139 |   198 |   388 |   300 ||  1025
       Headbutt          |       |       |    53 |    81 ||   134
Invok: Berserk           |       |     2 |       |     4 ||     6
       Burn Spellbooks   |       |       |     1 |       ||     1
       Trog's Hand       |       |       |       |     2 ||     2
  Use: Scroll            |       |     4 |     2 |     1 ||     7
       Potion            |       |       |     6 |     1 ||     7
 Stab: Sleeping          |     1 |       |       |       ||     1
  Eat: Chunk             |     2 |     5 |     6 |    15 ||    28
       Meat ration       |       |     1 |     1 |     1 ||     3
       Fruit             |       |       |       |     4 ||     4
Armor: Animal skin       |     3 |       |       |       ||     3
       Chain mail        |    56 |   161 |   261 |   178 ||   656
Dodge: Dodged            |    59 |    72 |   182 |   153 ||   466
